 Dungeon Crawl Stone Soup version 0.28-a0-95-g65e1ffefe4 (webtiles) character file.

Game seed: 1118666599375514673

135186 lmSkywalker the Cleaver (level 16, -3/130 HPs)
             Began as a Demonspawn Gladiator on Aug 8, 2021.
             Was the Champion of Trog.
             Killed from afar by a will-o-the-wisp (20 damage)
             ... with a foxfire
             ... on level 3 of the Swamp on Aug 9, 2021.
             The game lasted 02:01:23 (33468 turns).

lmSkywalker the Cleaver (Demonspawn Gladiator)     Turns: 33468, Time: 02:01:23

Health: -3/130     AC: 14    Str: 15    XL:     16   Next: 63%
Magic:  16/16      EV: 29    Int: 16    God:    Trog [******]
Gold:   1856       SH: 12    Dex: 32    Spells: 15/15 levels left

rFire   . . .      SeeInvis .   b - +11 broad axe of Trial by Ordeal {flame, rC- Str-4 Int+8 Dex+4}
rCold   x . .      Faith    .   J - +0 buckler
rNeg    + + .      Spirit   .   L - +2 robe of Vines {NoPotionHeal Regen+++}
rPois   +          Reflect  +   v - +2 helmet of Dim Light {Stlth+}
rElec   .          Harm     .   x - +2 ratskin cloak {*Rats rPois rN+ Str-1 Int-1 Dex+1}
rCorr   +          Rampage  .   A - +2 pair of gloves {archery}
Will    ++...                   (boots unavailable)
Stlth   +++++.....              H - amulet "Ahaig" {Reflect Dex+6 SH+5}
HPRegen 3.31/turn               S - ring of Altruism {Fly rN+ rCorr Dex+4}
MPRegen 0.15/turn               k - ring of willpower

@: flying
A: talons 3, foul stench 2, icemail 2, sturdy frame 2, condensation shield
a: Renounce Religion, Berserk, Trog's Hand, Brothers in Arms


You were on level 3 of the Swamp.
You worshipped Trog.
Trog was exalted by your worship.
You visited 5 branches of the dungeon, and saw 27 of its levels.
You also visited: Sewer.

You collected 3865 gold pieces.
You spent 2009 gold pieces at shops.

Inventory:

Hand Weapons
 b - the +11 broad axe of Trial by Ordeal (weapon) {flame, rC- Str-4 Int+8 Dex+4}
   (You acquired it on level 7 of the Dungeon)

   It burns those it strikes, dealing additional fire damage.
   Big, fiery blades are also staple armaments of hydra-hunters.
   Str:       It affects your strength (-4).
   Int:       It affects your intelligence (+8).
   Dex:       It affects your dexterity (+4).
   rC:        It makes you vulnerable to cold.
Missiles
 d - 5 throwing nets
 j - 727 stones
 n - 16 boomerangs (quivered)
 B - 13 curare-tipped darts
 R - 6 silver javelins
Armour
 v - the +2 helmet of Dim Light (worn) {Stlth+}
   (You found it on level 2 of the Orcish Mines)

   Stlth:     It makes you more stealthy.
 x - the +2 ratskin cloak (worn) {*Rats rPois rN+ Str-1 Int-1 Dex+1}
   (You found it on level 2 of the Orcish Mines)

   When the wearer is hurt, rats may emerge from it to assist them.
   Str:       It affects your strength (-1).
   Int:       It affects your intelligence (-1).
   Dex:       It affects your dexterity (+1).
   rPois:     It protects you from poison.
   rN:        It protects you from negative energy.
 A - a +2 pair of gloves of archery (worn)
 F - the +2 cloak of the Doomed Lizard {rPois rN+ Will+}
   (You acquired it on level 2 of the Lair of Beasts)

   rPois:     It protects you from poison.
   rN:        It protects you from negative energy.
   Will:      It increases your willpower.
 J - a +0 buckler (worn)
 L - the +2 robe of Vines (worn) {NoPotionHeal Regen+++}
   (You found it on level 6 of the Lair of Beasts)

   Its wearer cannot be healed by potions.
   Regen:     It increases your rate of health regeneration.
 W - a +3 plate armour of fire resistance
Jewellery
 i - a ring of fire
 k - a ring of willpower (right hand)
 r - a +4 ring of slaying
 y - a ring of ice
 G - an amulet of faith
 H - the amulet "Ahaig" (around neck) {Reflect Dex+6 SH+5}
   (You acquired it on level 7 of the Dungeon)

   [amulet of reflection]

   It reflects blocked missile attacks.
   Dex:       It affects your dexterity (+6).
   SH:        It affects your SH (+5).
 S - the ring of Altruism (left hand) {Fly rN+ rCorr Dex+4}
   (You found it on level 10 of the Dungeon)

   [ring of resist corrosion]

   Dex:       It affects your dexterity (+4).
   rN:        It protects you from negative energy.
   Fly:       It grants you flight.
   rCorr:     It protects you from acid and corrosion.
 V - a ring of see invisible
Wands
 h - a wand of iceblast (8)
 o - a wand of flame (69)
 u - a wand of acid (5)
 C - a wand of charming (16)
 P - a wand of polymorph (36)
 T - a wand of paralysis (35)
Scrolls
 f - a scroll of holy word {unknown}
 g - 9 scrolls of magic mapping
 p - a scroll of fog
 q - 14 scrolls of teleportation
 t - a scroll of summoning
 I - a scroll of brand weapon {unknown}
 M - 4 scrolls of blinking
 N - 2 scrolls of torment
 O - a scroll of silence
 Q - 3 scrolls of enchant weapon
Potions
 a - 2 potions of attraction
 e - 4 potions of mutation
 l - 11 potions of curing
 m - 6 potions of haste
 s - 4 potions of might
 w - 5 potions of lignification
 z - 3 potions of cancellation
 E - 2 potions of ambrosia
 K - 2 potions of berserk rage
 U - a potion of invisibility
Miscellaneous
 c - a tin of tremorstones (2/2)


   Skills:
 + Level 13.1 Fighting
 + Level 14.2(14.3) Axes
 - Level 2.8(10.8) Polearms
 - Level 7.0(7.2) Staves
 - Level 8.0 Throwing
 - Level 5.0 Armour
 + Level 14.2 Dodging
 - Level 5.0 Stealth
 - Level 4.0 Shields
 - Level 9.1 Evocations


You had 15 spell levels left.
You didn't know any spells.
Your spell library contained the following spells:

 Spells                   Type           Power      Damage    Failure   Level
 Ozocubu's Armour         Ice            0%         N/A       58%         3
 Ozocubu's Refrigeration  Ice            0%         4d5       100%        7


Dungeon Overview and Level Annotations

Branches:
Dungeon (13/15)            Temple (0/1) D:6            Lair (6/6) D:9
  Swamp (3/4) Lair:3        Snake (3/4) Lair:3        Slime (0/5) Lair:5
    Orc (2/2) D:9             Elf (0/3) Orc:2         Sewer (visited)
 Vaults: D:13-14

Altars:
Cheibriados
Elyvilon
Kikubaaqudgha
Makhleb
Nemelex Xobeh
Okawaru
Ru
Trog
Uskayaw
Vehumet
Wu Jian
Zin
Beogh

Shops:
D:6 =   D:7 ?   D:10 [   Orc:2 ?:=[   Snake:2 (:*   Snake:3 :(*[[

Portals:
Hell: Lair:6

Annotations:
D:13 exclusion: upstairs


Innate Abilities, Weirdness & Mutations

You have claws for feet.
You sometimes emit foul miasma when damaged in melee.
A meltable icy envelope protects you from harm. (AC +0)
Your movements are less encumbered by armour. (ER -4)
A meltable shield of frost defends you. (SH +0)


Message History

You slash the spriggan rider! You burn the spriggan rider.
You hear a splash.
You kill the spriggan!
Trog accepts your kill.
You barely miss the bog body.
The will-o-the-wisp gestures.
The will-o-the-wisp conjures some foxfire!
Your hell rat splashes around in the water.
The hornet misses you. 2 foxfires come into view.
You closely miss the will-o-the-wisp. You claw the will-o-the-wisp.
The will-o-the-wisp is heavily damaged.
You hit the foxfire. You barely miss the hornet. You hit the foxfire.
You slash the bog body! You burn the bog body. The foxfire hits you!!
* * * LOW HITPOINT WARNING * * *
The foxfire hits you!!
* * * LOW HITPOINT WARNING * * *
Your hell rat splashes around in the water.
You block the bog body's attack. The hornet barely misses you.
The will-o-the-wisp closely misses you.
You barely miss the will-o-the-wisp. You claw the will-o-the-wisp.
The will-o-the-wisp is heavily damaged.
You closely miss the hornet. You barely miss the bog body.
The hornet stings you but does no damage.
Your hell rat splashes around in the water.
The bog body completely misses you.
The will-o-the-wisp gestures.
The will-o-the-wisp conjures some foxfire! 2 foxfires come into view.
You hit the will-o-the-wisp. You burn the will-o-the-wisp.
You claw the will-o-the-wisp, but do no damage.
The will-o-the-wisp is severely damaged.
You slash the bog body! You burn the bog body. You closely miss the foxfire.
You slash the hornet! You burn the hornet.
You kill the hornet!
Trog accepts your kill.
You slash the foxfire!
The swamp worm seems to regain its courage.
The foxfire hits you!!
You die...

♣≈.§?.≈≈♣ .≈
≈.≈≈.≈♣≈♣ .≈≈
.♣≈..≈≈≈♣ ♣♣.≈♣
..§≈≈$≈.♣ ♣≈..w.
♣.§...≈≈♣♣..≈≈≈≈
♣.≈.≈≈≈≈≈.≈§♣≈≈≈
♣≈≈≈≈≈≈nv≈.≈≈≈≈♣
♣.≈≈≈≈.v@≈§≈♣
♣/≈....v≈)≈.≈w..
♣.≈≈≈.≈≈≈≈r♣≈§§≈
♣♣.≈≈.≈≈≈≈≈≈≈≈≈.
♣..>...t≈≈$.≈.♣
♣.♣≈≈≈.§..≈≈..♣
♣.≈≈≈D..≈≈≈≈.♣♣
.≈≈≈≈≈)≈≈≈♣≈♣♣


You could see an alligator, a four-headed hydra (fleeing), a will-o-the-wisp
(ally target), a bog body, 2 swamp worms and a friendly hell rat.

Vanquished Creatures
  Saint Roka (Snake:3)
  An orc warlord (Orc:1)
  The ghost of pkoi the Basher, a journeyman MiFi of Elyvilon (Orc:2)
  Nessos (Orc:2)
  2 eleionomae
  An ettin (Orc:1)
  Snorg (D:11)
  2 bunyips (Swamp:1)
  Josephine (Lair:4)
  4 naga warriors
  Erolcha (Orc:2)
  An ice dragon (Lair:5)
  12 hydras
  A catoblepas (Lair:6)
  6 boulder beetles
  A spriggan air mage (Swamp:1)
  6 anacondas
  4 death yaks (Lair:5)
  7 alligators
  4 two-headed ogres
  An orc high priest (Orc:2)
  3 shock serpents
  Nergalle (Orc:2)
  7 naga sharpshooters
  A sixfirhy (Lair:6)
  2 salamander mystics
  12 cane toads
  A goliath frog (Swamp:1)
  A swamp dragon (Swamp:2)
  5 sea snakes (Snake:2)
  A naga ritualist (Snake:2)
  4 deep elf pyromancers
  A wizard (Lair:6)
  4 deep elf zephyrmancers
  6 orc knights
  A necromancer (Lair:6)
  4 oklob plants (Lair:6)
  9 orc sorcerers
  A will-o-the-wisp (Swamp:2)
  5 mana vipers
  6 salamanders
  4 naga magi
  4 elephants (Lair:6)
  27 black mambas
  2 molten gargoyles (Lair:5)
  Maggie (D:7)
  A gargoyle (D:12)
  4 orange demons (Lair:6)
  8 rime drakes
  9 komodo dragons
  A hellwing (Lair:6)
  An ice devil (Lair:6)
  A red devil (Lair:6)
  4 trolls
  Grinder (D:3)
  A polar bear (Lair:6)
  4 tyrant leeches
  6 hornets
  20 dream sheep
  A meliai zombie (D:11)
  Prince Ribbit (D:7)
  7 slime creatures
  17 blink frogs
  6 spriggans
  4 wraiths
  4 wyverns
  A vampire (D:9)
  26 yaks
  4 basilisks
  18 nagas
  A steam dragon (Lair:2)
  A warg (Orc:2)
  2 acid dragons (D:10)
  8 swamp worms
  3 hell hounds (Lair:6)
  Duvessa (D:4)
  17 water moccasins
  Purgy (Sewer)
  5 swamp drakes
  2 sky beasts
  26 orc warriors
  3 ice beasts
  7 ogres
  44 wolves
  4 centaurs
  5 kobold brigands
  12 bullfrogs
  3 scorpions
  A gnoll sergeant (D:6)
  A water moccasin zombie (D:6)
  Dowan (D:4)
  5 killer bees (D:9)
  3 electric eels
  7 wights (D:8)
  2 howler monkeys
  3 centaur zombies
  A bullfrog zombie (D:5)
  5 lava snakes (Lair:5)
  3 hounds
  9 jellies (Lair:2)
  9 orc priests
  3 bullfrog skeletons
  Natasha (twice) (D:3)
  A gnoll shaman (D:9)
  30 orc wizards
  4 iguanas
  3 polar bear simulacra (Lair:6)
  3 yak simulacra (Lair:6)
  Ijyb (D:3)
  2 wolf simulacra (Lair:6)
  2 howler monkey zombies
  16 gnolls
  9 adders
  A river rat (D:3)
  A shadow imp (D:5)
  4 white imps
  2 worms (D:3)
  2 dart slugs
  69 orcs
  6 ball pythons
  10 bats
  14 endoplasms
  3 giant cockroaches
  14 goblins
  4 hobgoblins (D:1)
  8 jackals
  21 kobolds
  3 quokkas
  5 frilled lizards
  8 rats
  3 river rat simulacra (Lair:6)
771 creatures vanquished.

Vanquished Creatures (collateral kills)
  A boulder beetle (D:11)
  Fannar (Lair:1)
  A sea snake (Snake:3)
  A salamander (Snake:3)
  A centaur zombie (D:11)
  A bullfrog (Lair:1)
6 creatures vanquished.

Vanquished Creatures (others)
  A nagaraja (Snake:2)
  An orc warrior (Orc:2)
  An orc wizard (Orc:2)
  8 foxfires
  34 fungi
  45 plants
90 creatures vanquished.

Grand Total: 867 creatures vanquished

Notes
Turn   | Place    | Note
-------+----------+-------------------------------------------
     0 | D:1      | lmSkywalker the Demonspawn Gladiator began the quest for
                  | the Orb.
     0 | D:1      | Reached XP level 1. HP: 16/16 MP: 1/1
   172 | D:1      | Gained mutation: Your movements are slightly less
                  | encumbered by armour. (ER -2) [demonic ancestry]
   172 | D:1      | Reached XP level 2. HP: 17/22 MP: 2/2
   684 | D:1      | Found a faded altar of an unknown god.
   764 | D:1      | Became a worshipper of Trog the Wrathful
   764 | D:1      | Reached * piety under Trog
   789 | D:1      | Reached XP level 3. HP: 27/27 MP: 3/3
  1564 | D:2      | Gained mutation: A meltable shield of frost defends you.
                  | (SH +0) [demonic ancestry]
  1564 | D:2      | Reached XP level 4. HP: 29/33 MP: 4/4
  2112 | D:2      | Reached skill level 5 in Staves
  2575 | D:3      | Reached ** piety under Trog
  2599 | D:3      | Found a glowing drain.
  2617 | D:3      | Gained mutation: A meltable icy envelope protects you from
                  | harm. (AC +0) [demonic ancestry]
  2617 | D:3      | Reached XP level 5. HP: 22/38 MP: 5/5
  2717 | Sewer    | Entered a sewer
  2748 | Sewer    | Noticed Purgy
  2754 | Sewer    | Killed Purgy
  3203 | D:3      | Gained mutation: Your movements are less encumbered by
                  | armour. (ER -4) [demonic ancestry]
  3203 | D:3      | Reached XP level 6. HP: 37/44 MP: 6/6
  3542 | D:3      | Noticed Ijyb
  3547 | D:3      | Killed Ijyb
  3674 | D:3      | Noticed Natasha
  3683 | D:3      | Killed Natasha
  3835 | D:3      | Noticed Grinder
  3838 | D:3      | Paralysed by Grinder for 5 turns
  3850 | D:3      | Killed Grinder
  3851 | D:3      | Reached skill level 1 in Armour
  3851 | D:3      | Gained mutation: You have sharp toenails. [demonic
                  | ancestry]
  3851 | D:3      | Reached XP level 7. HP: 51/51 MP: 7/7
  4234 | D:3      | Noticed Natasha
  4240 | D:3      | Killed Natasha
  4500 | D:4      | Reached *** piety under Trog
  4698 | D:4      | Noticed Dowan
  4699 | D:4      | Noticed Duvessa
  4710 | D:4      | Killed Dowan
  4717 | D:4      | Killed Duvessa
  5237 | D:5      | Entered Level 5 of the Dungeon
  5552 | D:5      | Reached XP level 8. HP: 60/60 MP: 8/8
  6871 | D:6      | Reached skill level 5 in Fighting
  6871 | D:6      | Reached skill level 5 in Dodging
  7198 | D:6      | Gained mutation: You may rarely emit foul miasma when
                  | damaged in melee. [demonic ancestry]
  7198 | D:6      | Reached XP level 9. HP: 69/69 MP: 9/9
  7313 | D:6      | Found a staircase to the Ecumenical Temple.
  7318 | D:6      | Reached **** piety under Trog
  7434 | D:6      | Reached skill level 5 in Armour
  7608 | D:6      | Reached skill level 1 in Stealth
  7608 | D:6      | Reached skill level 1 in Evocations
  8512 | D:6      | You are sucked into a shaft and drop 3 floors!
  8633 | D:7      | Noticed Prince Ribbit
  8652 | D:7      | Killed Prince Ribbit
  8826 | D:7      | Noticed Maggie
  8849 | D:7      | Found Qiadgh's Magic Scroll Emporium.
  8863 | D:7      | Bought a scroll of identify for 28 gold pieces
  8863 | D:7      | Bought a scroll of identify for 28 gold pieces
  8863 | D:7      | Bought a scroll of identify for 28 gold pieces
  8863 | D:7      | Bought a scroll of fear for 49 gold pieces
  8863 | D:7      | Bought 2 scrolls of teleportation for 84 gold pieces
  9592 | D:6      | Found Ribleosazu's Jewellery Shop.
  9850 | D:6      | Identified the +2 hunting sling "Beedoy" {freeze, Fly rC++
                  | rN+ Will-}
 10008 | D:6      | Reached skill level 1 in Polearms
 10008 | D:6      | Reached skill level 1 in Shields
 10240 | D:7      | Killed Maggie
 10640 | D:8      | Reached skill level 1 in Axes
 11371 | D:8      | Noticed a troll
 11383 | D:8      | Killed a troll
 11384 | D:8      | Reached XP level 10. HP: 76/76 MP: 10/10
 11831 | D:8      | Found an iron altar of Okawaru.
 11834 | D:8      | Found a hide-covered altar of Uskayaw.
 11837 | D:8      | Found an ancient bone altar of Kikubaaqudgha.
 11838 | D:8      | Found a snail-covered altar of Cheibriados.
 11838 | D:8      | Found an ornate altar of the Wu Jian Council.
 11838 | D:8      | Found a radiant altar of Vehumet.
 11840 | D:8      | Found a sparkling altar of Nemelex Xobeh.
 12206 | D:9      | Found a burning altar of Makhleb.
 12259 | D:9      | Found a staircase to the Lair.
 12366 | D:9      | Found a staircase to the Orcish Mines.
 12742 | D:9      | Noticed a two-headed ogre
 12745 | D:9      | Killed a two-headed ogre
 12746 | D:9      | Reached skill level 5 in Axes
 12902 | D:10     | Entered Level 10 of the Dungeon
 13126 | D:10     | Found a sacrificial altar of Ru.
 13232 | D:10     | Found Meokk's Armour Boutique.
 13241 | D:10     | Bought a +0 pair of gloves of archery for 126 gold pieces
 13693 | D:10     | Identified the ring of Altruism {Fly rN+ rCorr Dex+4}
 13814 | D:10     | Reached XP level 11. HP: 53/81 MP: 11/11
 14307 | D:11     | Noticed a boulder beetle
 14589 | D:11     | Noticed Snorg
 14613 | D:11     | Killed Snorg
 14660 | D:11     | Reached skill level 5 in Throwing
 14884 | D:11     | Killed a boulder beetle
 15227 | D:12     | Noticed a two-headed ogre
 15235 | D:12     | Killed a two-headed ogre
 15544 | D:12     | Noticed a skeletal warrior
 15547 | D:12     | Noticed a skeletal warrior
 15578 | D:11     | Noticed a boulder beetle
 15600 | D:11     | Killed a boulder beetle
 15746 | D:12     | Identified the +2 robe of Death's Door {rC- Dex+6}
 15779 | D:12     | Noticed a two-headed ogre
 15789 | D:12     | Killed a two-headed ogre
 16069 | D:12     | Noticed a boulder beetle
 16099 | D:12     | Killed a boulder beetle
 16440 | D:13     | Noticed a death knight
 16440 | D:13     | Noticed a phantasmal warrior
 16440 | D:13     | Noticed a skeletal warrior
 16785 | Lair:1   | Entered Level 1 of the Lair of Beasts
 16785 | Lair:1   | Noticed Fannar
 16801 | Lair:1   | Killed Fannar
 16819 | Lair:1   | Killed a cane toad
 16853 | Lair:1   | Reached skill level 10 in Axes
 17033 | Lair:1   | Reached XP level 12. HP: 84/88 MP: 12/12
 18179 | Lair:1   | Upgraded the game from 0.28-a0-94-g325244837d to
                  | 0.28-a0-95-g65e1ffefe4
 18194 | Lair:2   | Noticed a boulder beetle
 18219 | Lair:2   | Killed a boulder beetle
 18861 | Lair:2   | Noticed a boulder beetle
 19198 | Lair:2   | Identified 2 scrolls of acquirement
 19202 | Lair:2   | Acquired the +2 cloak of the Doomed Lizard {rPois rN+
                  | Will+}
 19354 | Lair:2   | Acquired 1016 gold pieces
 19484 | D:7      | Bought 2 scrolls of acquirement for 1456 gold pieces
 19484 | D:7      | Acquired the amulet "Ahaig" {Reflect Dex+6 SH+5}
 19491 | D:7      | Acquired the +11 broad axe of Trial by Ordeal {flame, rC-
                  | Str-4 Int+8 Dex+4}
 19730 | Lair:2   | Killed a boulder beetle
 19736 | Lair:2   | Reached ***** piety under Trog
 19958 | Lair:2   | Reached skill level 5 in Evocations
 20410 | Lair:3   | Found a staircase to the Swamp.
 20552 | Lair:3   | Found a staircase to the Snake Pit.
 20787 | Lair:3   | Noticed a boulder beetle
 20800 | Lair:3   | Killed a boulder beetle
 21064 | Lair:3   | Noticed a six-headed hydra
 21068 | Lair:3   | Killed a two-headed hydra
 21187 | Lair:3   | Gained mutation: You have razor-sharp toenails. [demonic
                  | ancestry]
 21187 | Lair:3   | Reached XP level 13. HP: 78/98 MP: 13/13
 21462 | Lair:3   | Received a gift from Trog
 21878 | Lair:4   | Noticed Josephine
 21901 | Lair:4   | Killed Josephine
 23832 | Lair:5   | Reached skill level 10 in Dodging
 24445 | Lair:5   | Gained mutation: You sometimes emit foul miasma when
                  | damaged in melee. [demonic ancestry]
 24445 | Lair:5   | Reached XP level 14. HP: 108/108 MP: 14/14
 24481 | Lair:5   | Found a staircase to the Slime Pits.
 24827 | Lair:6   | Entered Level 6 of the Lair of Beasts
 25803 | Lair:6   | Found the +2 robe of Vines {NoPotionHeal Regen+++}
 26106 | Lair:6   | Reached skill level 10 in Fighting
 26324 | Lair:6   | Found a burning altar of Makhleb.
 26389 | Lair:6   | Reached ****** piety under Trog
 26405 | Lair:6   | Identified the +5 war axe "Pemax" {vorpal, +Rage rCorr}
                  | (Trog gifted it to you on level 6 of the Lair of Beasts)
 26405 | Lair:6   | Received a gift from Trog
 26419 | Lair:6   | Found a gateway to Hell.
 27049 | Orc:1    | Entered Level 1 of the Orcish Mines
 27207 | Orc:1    | Noticed an orc warlord
 27228 | Orc:1    | Killed an orc warlord
 27360 | Orc:2    | Entered Level 2 of the Orcish Mines
 27360 | Orc:2    | Found a staircase to the Elven Halls.
 27499 | Orc:1    | Gained mutation: A meltable icy envelope protects you from
                  | harm. (AC +0) [demonic ancestry]
 27499 | Orc:1    | Reached XP level 15. HP: 81/117 MP: 15/15
 27515 | Orc:2    | Received a gift from Trog
 27705 | Orc:2    | Noticed pkoi's ghost (journeyman MiFi)
 27795 | Orc:2    | Found an ancient bone altar of Kikubaaqudgha.
 27795 | Orc:2    | Noticed Nergalle
 27872 | Orc:2    | Killed Nergalle
 27895 | Orc:2    | Found Qogal's Jewellery Boutique.
 27939 | Orc:2    | Noticed Erolcha
 27940 | Orc:2    | Found a radiant altar of Vehumet.
 27954 | Orc:2    | Killed Erolcha
 27975 | Orc:2    | Found Loykem's Magic Scroll Shop.
 27980 | Orc:2    | Noticed Nessos
 27986 | Orc:2    | Found Qurrim's Antique Armour Boutique.
 27994 | Orc:2    | Killed Nessos
 28006 | Orc:2    | Found Patzesuz's Book Shop.
 28100 | Orc:2    | Bought a scroll of teleportation for 42 gold pieces
 28100 | Orc:2    | Bought a scroll of identify for 28 gold pieces
 28100 | Orc:2    | Bought a scroll of identify for 28 gold pieces
 28100 | Orc:2    | Bought a scroll of identify for 28 gold pieces
 28100 | Orc:2    | Bought a scroll of identify for 28 gold pieces
 28100 | Orc:2    | Bought a scroll of identify for 28 gold pieces
 28100 | Orc:2    | Bought a scroll of identify for 28 gold pieces
 28446 | Orc:2    | Found a runed translucent gate.
 28447 | Orc:2    | Found a runed translucent gate.
 28447 | Orc:2    | Found a runed translucent gate.
 28449 | Orc:2    | Identified the +6 chain mail of Fuvvypnufo {Int+3}
 28458 | Orc:2    | Found the +2 ratskin cloak {*Rats rPois rN+ Str-1 Int-1
                  | Dex+1}
 28516 | Orc:2    | Killed pkoi's ghost
 28579 | Orc:2    | Identified the +2 helmet of Dim Light {Stlth+}
 28971 | Snake:1  | Entered Level 1 of the Snake Pit
 28981 | Snake:1  | Reached skill level 5 in Stealth
 29804 | Snake:2  | Received a gift from Trog
 29849 | Snake:2  | Found Hoseoh's General Store.
 29849 | Snake:2  | Found Aloecoab's Book Emporium.
 30606 | Snake:2  | Found Somybb's Antique Weapon Boutique.
 30837 | Snake:2  | Noticed a nagaraja
 30854 | Snake:2  | Killed a nagaraja
 31192 | Snake:3  | Found Suot's Antique Weapon Boutique.
 31221 | Snake:3  | Found Atuwaotu's Assorted Antiques.
 31281 | Snake:3  | Noticed Saint Roka
 31304 | Snake:3  | Received a gift from Trog
 31309 | Snake:3  | Killed Saint Roka
 31310 | Snake:3  | Gained mutation: You have claws for feet. [demonic
                  | ancestry]
 31310 | Snake:3  | Reached XP level 16. HP: 48/127 MP: 16/16
 31311 | Snake:3  | Found Veadooshaiff's Armour Shop.
 31408 | Snake:3  | Found Jotheegu's Antique Armour Emporium.
 31628 | Snake:3  | Found Licet's Self-Improvement Boutique.
 32168 | Swamp:1  | Entered Level 1 of the Swamp
 33071 | Swamp:2  | Received a gift from Trog
 33248 | Swamp:2  | Found the +4 Cigotuvi's embrace {rMiasma Drain rN+}
 33468 | Swamp:3  | Killed from afar by a will-o-the-wisp

Illustrated notes

Levels and vault maps discovered:
D:1:      dpeg_arrival_tiny_a, layout_loops_ring, basic_ecumenical_altar,
          amethyst_killhole
D:2:      layout_loops_cross, grunt_ministairs_12,
          chequers_serial_rivers_small_a, nrook_campfire
D:3:      layout_loops_corners, lemuel_crystal_altar,
          cheibrodos_sewer_entry_sluice, minivault_25, st_stairs_2,
          chequers_serial_rivers_large_a, wad_floor_pattern_untrapped,
          uniq_grinder, uniq_natasha, uniq_ijyb
D:4:      layout_loops_ring, uniq_duvessa
D:5:      layout_layer_cave
D:6:      layout_basic, minmay_temple_entry_stoned_glass, serial_shops,
          nicolae_shop_competitors_out_of_business, minmay_misc_feat_rugged
D:7:      layout_basic, serial_shops, nicolae_shop_trees, uniq_maggie,
          uniq_prince_ribbit1
D:8:      layout_gridville, minitemple, grunt_ministairs_1,
          chequers_serial_rivers_micro_e, kennysheep_generic_room_5
D:9:      layout_loops_ring, mainiacjoe_overflow_catwalk, lair_entry_dummy,
          minmay_orc_entry_temple_small
D:10:     layout_loops_ring, kennysheep_mini_moat, mainiacjoe_overflow_alcove_4,
          serial_shops, shop, serial_park_tiny_2
D:11:     layout_rooms, uniq_snorg
D:12:     layout_roguey, zin_treasury
D:13:     layout_basic, minmay_microvault
Lair:1:   layout_gridlike, wad_woods_road_02, chequers_serial_rivers_small_a,
          infiniplex_staircase_pool, uniq_fannar
Lair:2:   lemuel_slime, layout_chaotic_city
Lair:3:   nzn_winding_woodlands_cross [nzn_winding_woodlands_5x15_crooked,
          nzn_winding_woodlands_5x15_split_checker,
          nzn_winding_woodlands_5x15_default, nzn_winding_woodlands_5x15_twine,
          nzn_winding_woodlands_15x15_eel_pit], layout_chaotic_city, swamp_mist,
          minmay_snake_entry_guardpost_medium, grunt_forest_large_clearings
Lair:4:   layout_roguey, infiniplex_staircase_pool_2, uniq_josephine
Lair:5:   cheibrodos_magma_flow, layout_cave_pods, dpeg_slime_entry_corner,
          bobbens_ice_dragon_lair, lemuel_fruit_fields, lemuel_fruit_tree
Lair:6:   evil_forest, layout_cave_pods, basic_altar, eino_house_with_fridge,
          grunt_megastairs_4, minmay_lair_oklob_chamber, lemuel_fruit_fields
Swamp:1:  layout_basic_swamp, serial_swamp_ruin, evilmike_swamp_ruin_house_1,
          evilmike_swamp_ruin_house_2, hangedman_swamp_ruin_wall
Swamp:2:  layout_basic_swamp, evilmike_swamp_ruin_house_4, swamp_pool5
Swamp:3:  layout_falls_marsh, nicolae_swamp_ascending_descending
Snake:1:  layout_grid_shapes
Snake:2:  layout_layer_cave, serial_shops, nicolae_shop_crystal,
          nicolae_snake_coiling_death, minmay_shoptagon, serial_bayou_shore_a,
          serial_bayou_shore_b, grunt_megastairs_5
Snake:3:  layout_misc_corridors, serial_shops, shop, nicolae_shop_waterfront,
          nicolae_shop_temple_entry_statues_fountains, nicolae_shop_statue_plus,
          nicolae_shop_self_help, uniq_saint_roka
Orc:1:    layout_caves, minmay_orc_barracks
Orc:2:    kennysheep_orc_mage_school, layout_diamond_mine,
          biasface_ghost_orc_armoury, elves_outpost_lemuel, uniq_nessos

Skill      XL: |  1  2  3  4  5  6  7  8  9 10 11 12 13 14 15 16 |
---------------+-------------------------------------------------+-----
Staves         | 3 4 5 6 7 |  7.0
Armour         | 1 3 4 5 |  5.0
Dodging        | 3 4 5 6 8 10 12 13 14 | 14.2
Fighting       | 4 5 6 7 9 10 12 13 | 13.1
Stealth        | 3 5 |  5.0
Evocations     | 3 5 7 9 |  9.1
Polearms       | 2 |  2.8
Shields        | 3 4 |  4.0
Axes           | 2 7 10 11 12 13 14 | 14.2
Throwing       | 3 7 8 |  8.0

Action                   |  1- 3 |  4- 6 |  7- 9 | 10-12 | 13-15 | 16-18 || total
-------------------------+-------+-------+-------+-------+-------+-------++-------
Melee: Quarterstaff      |   101 |   118 |   378 |       |       |       ||   597
       Kick              |       |       |     3 |       |       |   121 ||   124
       Spear             |       |       |    62 |   492 |       |       ||   554
       Broad axe         |       |       |       |   304 |  1162 |   222 ||  1688
Throw: Throwing net      |     2 |       |       |     1 |       |       ||     3
       Stone             |     4 |     7 |   110 |    35 |   121 |       ||   277
       Dart              |       |       |     2 |     5 |       |       ||     7
       Boomerang         |       |       |       |    71 |     3 |    77 ||   151
Invok: Berserk           |     2 |     4 |    11 |     7 |       |       ||    24
       Trog's Hand       |       |       |     2 |     5 |     6 |       ||    13
       Brothers in Arms  |       |       |       |     1 |       |       ||     1
Evoke: Wand              |       |       |       |    18 |       |       ||    18
  Use: Scroll            |       |       |     8 |    18 |     9 |     1 ||    36
 Stab: Sleeping          |       |     4 |       |     9 |     5 |     8 ||    26
       Distracted        |       |     1 |     1 |       |       |     1 ||     3
Armor: Leather armour    |    31 |     8 |       |       |       |       ||    39
       Ring mail         |       |    37 |    90 |       |       |       ||   127
       Scale mail        |       |       |    29 |   217 |   102 |       ||   348
       Robe              |       |       |       |       |   101 |    28 ||   129
Dodge: Dodged            |    83 |    45 |   215 |   308 |   682 |   158 ||  1491
Block: Other             |       |    23 |    48 |       |       |       ||    71
       Buckler           |       |       |    17 |   316 |   859 |   143 ||  1335
       Reflection        |       |       |       |     1 |    33 |     7 ||    41

Table legend: (Time is in decaauts)
 A = Elapsed time spent in this place.
 B = Non-inter-level travel time spent in this place.
 C = Inter-level travel time spent in this place.
 D = Time resting spent in this place.
 E = Time spent auto-exploring this place.
 F = Levels seen in this place.
 G = Mean time per level.
                   A        B        C        D        E       F      G
               +--------+--------+--------+--------+--------+-----+--------+
         Total |  33582 |  32063 |   1519 |   8515 |  13828 |  28 | 1199.4 |
       Dungeon |  16934 |  15976 |    958 |   5081 |   6799 |  13 | 1302.6 |
          Lair |  10151 |   9860 |    291 |   2891 |   3624 |   6 | 1691.8 |
         Swamp |   1279 |   1226 |     53 |    100 |    763 |   3 |  426.3 |
     Snake Pit |   3151 |   2999 |    152 |    182 |   1847 |   3 | 1050.3 |
  Orcish Mines |   1842 |   1778 |     64 |    181 |    718 |   2 |  921.0 |
         Sewer |    223 |    223 |      0 |     78 |     77 |   1 |  223.0 |
               +--------+--------+--------+--------+--------+-----+--------+

Top non-repeatable levels by time:
     D:6: 2503 daAuts
  Lair:6: 2134 daAuts
  Lair:3: 2028 daAuts
  Lair:2: 2018 daAuts
     D:3: 1706 daAuts
     D:7: 1638 daAuts
  Lair:5: 1579 daAuts
  Lair:1: 1444 daAuts
   Orc:2: 1434 daAuts
    D:10: 1423 daAuts
 Snake:2: 1415 daAuts
    D:12: 1355 daAuts
     D:5: 1342 daAuts
     D:2: 1296 daAuts
     D:1: 1237 daAuts
